 Dungeon Crawl Stone Soup version 0.30.0 (webtiles) character file.

Game seed: 342685714049912022

382928 SnakkuSnakku7 the Ghoulish Cataclysm (level 22, -1/211 HPs)
             Began as a Ghoul Conjurer on May 7, 2023.
             Was a High Priest of Qazlal.
             Killed by dispel undead
             ... invoked by a revenant
              (51 damage)
             ... on level 1 of the Crypt.
             The game lasted 01:07:50 (38164 turns).

SnakkuSnakku7 the Ghoulish Cataclysm (GhCj)        Turns: 38164, Time: 01:07:51

Health: -1/211     AC: 47    Str: 22    XL:     22   Next: 93%
Magic:  24/37      EV:  8    Int: 20    God:    Qazlal [*****.]
Gold:   2865       SH: 19    Dex:  7    Spells: 23/24 levels left

rFire   . . .        a - +6 demon trident (freeze)
rCold   + . .        H - +2 kite shield {AC+3}
rNeg    + + +        b - +10 plate armour {Will+}
rPois   ∞            G - +2 helmet {Int+3}
rElec   +            u - +2 cloak {Stlth+}
rCorr   .            T - +0 pair of gloves of Xom's Respect {rElec Int+4}
SInv    .            M - +3 pair of seven-league boots {Rampage+∞}
Will    ++...        h - amulet of regeneration Stlth
                     r - +4 ring of slaying
HPRegen 0.00/turn    R - +4 ring of protection
MPRegen 0.25/turn

%: repel missiles, rampage+∞
@: protected from physical damage, inhibited regen
A: claws 1, cold resistance 1, negative energy resistance 3, inhibited
regeneration, torment resistance 2, devour on kill
}: 2/15 runes: decaying, serpentine
a: Renounce Religion, Upheaval, Elemental Force, Disaster Area


You were on level 1 of the Crypt.
You worshipped Qazlal.
Qazlal was extremely pleased with you.
You visited 7 branches of the dungeon, and saw 37 of its levels.
You visited the Abyss 1 time.
You also visited: Sewer, Ossuary and Wizlab.

You collected 7380 gold pieces.
You spent 4515 gold pieces at shops.

Inventory:

Hand Weapons
 a - a +6 demon trident of freezing (weapon)
Missiles
 y - 7 curare-tipped darts (quivered)
 N - 3 throwing nets
Armour
 b - a +10 plate armour of willpower (worn)
 u - a +2 cloak of stealth (worn)
 G - a +2 helmet of intelligence (worn)
 H - a +2 kite shield of protection (worn)
 M - the +3 pair of seven-league boots (worn) {Rampage+∞}
   (You found it on level 1 of the Lair of Beasts)

   Rampage+∞: When moving toward enemies, its wearer moves as far as possible.
 O - a +0 pair of gloves
 T - the +0 pair of gloves of Xom's Respect (worn) {rElec Int+4}
   (You found it on level 3 of the Swamp)

   Int:       It affects your intelligence (+4).
   rElec:     It insulates you from electricity.
Jewellery
 e - the ring "Epharreb" {rC+ MP+9 Str+2 Dex+6 SInv}
   (You found it on level 9 of the Dungeon)

   [ring of dexterity]

   Str:       It affects your strength (+2).
   Dex:       It affects your dexterity (+6).
   rC:        It protects you from cold.
   MP:        It affects your magic capacity (+9).
   SInv:      It lets you see invisible.
 h - an amulet of regeneration (around neck)
 j - a +6 ring of strength
 r - a +4 ring of slaying (left hand)
 I - the ring of the Invisible Allies {rElec rF+ Will+}
   (You acquired it on level 2 of the Lair of Beasts)

   [ring of willpower]

   rF:        It protects you from fire.
   rElec:     It insulates you from electricity.
   Will:      It increases your willpower.
 R - a +4 ring of protection (right hand)
 W - the ring of the Shrike {Fly Will+++ rCorr Int+2 Stlth-}
   (You bought it in a shop on level 3 of the Vaults)

   [ring of flight]

   Int:       It affects your intelligence (+2).
   Fly:       It grants you flight.
   rCorr:     It protects you from acid and corrosion.
   Will:      It greatly increases your willpower.
   Stlth:     It makes you less stealthy.
Wands
 k - a wand of flame (41)
 s - a wand of iceblast (29)
 w - a wand of paralysis (35)
 J - a wand of mindburst (21)
 S - a wand of light (27)
 U - a wand of digging (20)
 V - a wand of polymorph (17)
Scrolls
 f - 8 scrolls of immolation
 i - 8 scrolls of vulnerability
 l - 11 scrolls of magic mapping
 m - 8 scrolls of poison
 n - 4 scrolls of torment
 o - 2 scrolls of amnesia
 p - 2 scrolls of silence
 q - 10 scrolls of fear
 x - 10 scrolls of fog
 D - 4 scrolls of enchant armour
 F - 16 scrolls of teleportation
 L - 3 scrolls of blinking
Potions
 c - 5 potions of magic
 d - 13 potions of haste
 g - 8 potions of might
 t - 11 potions of curing
 z - 6 potions of cancellation
 A - 4 potions of heal wounds
 B - 5 potions of resistance
 C - 6 potions of ambrosia
 E - 11 potions of brilliance
 K - 7 potions of flight
 Q - a potion of invisibility
Miscellaneous
 P - a condenser vane (inert)


   Skills:
 - Level 20.6 Fighting
 - Level 10.8(14.0) Polearms
 - Level 14.2(15.6) Staves
 - Level 10.0 Armour
 - Level 10.0 Dodging
 - Level 2.1 Stealth
 - Level 10.0 Shields
 - Level 1.7 Spellcasting
 - Level 3.2 Conjurations
 + Level 24.8 Invocations
 - Level 13.4 Evocations


You had 23 spell levels left.
You knew the following spells:

 Your Spells              Type           Power      Damage    Failure   Level
a - Magic Dart            Conj           56%        1d5       71%         1

Your spell library contained the following spells:

 Spells                   Type           Power      Damage    Failure   Level
 Searing Ray              Conj           28%        2d5       85%         2
 Freeze                   Ice            4%         1d3       99%         1
 Necrotise                Necr           4%         1d4       99%         1
 Sandblast                Erth           2%         2d4       99%         1
 Cigotuvi's Dreadful Rot  Necr/Pois/Air  2%         N/A       99%         2
 Passwall                 Tmut/Erth      0%         N/A       99%         2
 Poisonous Vapours        Pois/Air       2%         N/A       99%         2
 Dazzling Flash           Conj/Hex       16%        N/A       99%         3
 Stone Arrow              Conj/Erth      16%        3d8       99%         3
 Frozen Ramparts          Ice            2%         1d1       100%        3
 Gell's Gravitas          Tloc           1%         N/A       100%        3
 Ignite Poison            Fire/Tmut/Pois 1%         N/A       100%        3
 Mephitic Cloud           Conj/Pois/Air  6%         N/A       100%        3
 Ozocubu's Armour         Ice            1%         N/A       100%        3
 Teleport Other           Tloc           1%         N/A       100%        3
 Vampiric Draining        Necr           1%         2d6       100%        3
 Anguish                  Hex/Necr       0%         N/A       100%        4
 Animate Armour           Summ/Erth      2%         N/A       100%        4
 Animate Dead             Necr           1%         N/A       100%        4
 Cause Fear               Hex            0%         N/A       100%        4
 Fulminant Prism          Conj/Hex       4%         3d5       100%        4
 Iskenderun's Mystic Bla  Conj/Tloc      8%         2d4       100%        4
 Petrify                  Tmut/Erth      1%         N/A       100%        4
 Summon Ice Beast         Ice/Summ       1%         N/A       100%        4
 Agony                    Necr           1%         N/A       100%        5
 Alistair's Intoxication  Tmut/Pois      0%         N/A       100%        5
 Borgnjor's Vile Clutch   Necr/Erth      0%         N/A       100%        5
 Freezing Cloud           Conj/Ice/Air   3%         6-21      100%        5
 Irradiate                Conj/Tmut      4%         3d13      100%        5
 Metabolic Englaciation   Hex/Ice        0%         N/A       100%        5
 Silence                  Hex/Air        0%         N/A       100%        5
 Dispersal                Tloc           0%         N/A       100%        6
 Eringya's Noxious Bog    Tmut/Pois      0%         N/A       100%        6
 Simulacrum               Ice/Necr       0%         N/A       100%        6
 Enfeeble                 Hex            0%         N/A       100%        7
 Haunt                    Necr/Summ      0%         N/A       100%        7
 Malign Gateway           Summ/Tloc      0%         N/A       100%        7
 Infestation              Necr           0%         N/A       100%        8
 Summon Horrible Things   Summ           0%         N/A       100%        8
 Sublimation of Blood     Necr           Unusable   N/A       N/A         2
 Ice Form                 Ice/Tmut       Unusable   N/A       N/A         4

Dungeon Overview and Level Annotations

Branches:
Dungeon (15/15)            Temple (0/1) D:4            Lair (5/5) D:11
  Swamp (4/4) Lair:2        Snake (4/4) Lair:3        Slime (0/5) Lair:4
    Orc (2/2) D:12            Elf (0/3) Orc:2        Vaults (4/5) D:13
  Crypt (2/3) Vaults:2     Depths (0/4) D:15          Sewer (visited)
Ossuary (visited)          WizLab (visited)

Altars:
Ashenzari
Fedhas
Gozag
Kikubaaqudgha
Nemelex Xobeh
Qazlal
Ru
Uskayaw
Vehumet
Xom
Jiyva

Shops:
D:6 !   D:8 ?   D:12 !   Orc:2 :?:(   Snake:2 *!!   Snake:4 =:=   Vaults:1 :
Vaults:2 :   Vaults:3 =(*

Annotations:
Swamp:3 Roxanne


Innate Abilities, Weirdness & Mutations

You are immune to poison.
You have sharp fingernails.
Your flesh is cold resistant. (rC+)
You are immune to negative energy. (rN+++)
You do not regenerate when monsters are visible.
You are immune to unholy pain and torment.
You thrive by killing the living.


Message History

You hit the ancient champion. You freeze the ancient champion.
The ancient champion is lightly damaged.
The ancient champion is no longer moving quickly.
The ancient champion casts a spell.
The ancient champion seems to speed up.
You puncture the ancient champion! You freeze the ancient champion.
The ancient champion is moderately damaged.
The spectral juggernaut is engulfed in a thunderstorm.
The ancient champion hits you with a +3 battleaxe!!
* * * LOW HITPOINT WARNING * * *
You feel more protected from physical attacks.
You feel much better.
You block the ancient champion's attack.
The spectral juggernaut is engulfed in a thunderstorm.
The spectral juggernaut barely misses you.
You block the spectral juggernaut's attack.
You block the ancient champion's attack.
The spectral juggernaut fades away!
The ancient champion attacks as you move away!
You block the ancient champion's attack.
The guardian serpent skeleton hits you but does no damage.
The ancient champion hits you with a +3 battleaxe!!
* * * LOW HITPOINT WARNING * * *
Blink to where?
Press: ? - help, Dir - move target
As you read the scroll of blinking, it crumbles to dust.
You block the revenant's attack.
You climb upwards.
There is a stone staircase leading down here.
You feel much better.
The revenant is engulfed in freezing vapours.
The revenant conjures spectral mists around you.
The spectral mist engulfs you but does no damage.
You feel more protected from physical attacks.
You impale the revenant!!
The revenant is heavily damaged.
The revenant is engulfed in freezing vapours.
The revenant points at you and mumbles some strange words.
You convulse!
You die...

#.#.#...#.#..#.......####.#######
#.#.#####.#..#.#####.# #.#######
.......|..#..#.#####.####........
....#######..#.#........#........
....#######..#.##.#.###.#........
..........#..#.#....# #.#........
...######.####.#.○#####..........
...# #?#[.#.Z§§§..............
...# #.#.####@☼########....>..
#### #.#....§z§# #.#+#####
#.#######.# #...# #.........#
##### ###########


You could see a revenant and a spectral harpy (summoned).

Vanquished Creatures
  Sojobo (Vaults:4)
  Saint Roka (D:13)
  Nikola (Snake:3)
  A tentacled monstrosity (Swamp:3)
  A lich (Crypt:1)
  Asterion (Snake:1)
  2 titans
  4 sphinxes
  An ancient champion (Vaults:2)
  Gastronok (D:8)
  2 tengu reavers (Vaults:4)
  Kirke (D:13)
  17 nagarajas
  Donald (Swamp:2)
  A deep elf sorcerer (Vaults:3)
  2 balrugs
  A revenant (Vaults:2)
  15 vault wardens
  6 ghouls
  A curse skull (Crypt:1)
  18 ironbound preservers
  2 very ugly things (Vaults:2)
  4 war gargoyles
  A caustic shrike skeleton (Crypt:1)
  2 stone giants
  8 ironbound thunderhulks
  4 vampire knights
  5 bunyips
  Azrael (D:15)
  6 eleionomae
  An orange crystal statue (WizLab)
  15 dire elephants
  A deep elf death mage (Vaults:2)
  4 jiangshi (Crypt:1)
  An acid blob zombie (Crypt:1)
  A deep elf high priest (Vaults:2)
  3 shambling mangroves
  3 crystal guardians
  4 entropy weavers
  Josephine (D:15)
  10 yaktaur captains
  2 spriggan zombies (Crypt:1)
  An elf zombie (Crypt:1)
  6 great orbs of eyes
  18 vault guards
  2 ogre magi (Orc:2)
  18 hydras
  6 anacondas
  5 peacekeepers
  4 salamander tyrants
  Erica (Orc:1)
  11 ironbound frosthearts
  2 spriggan skeletons (Crypt:1)
  11 centaur warriors
  2 catoblepae
  6 two-headed ogres
  A death knight (Crypt:1)
  13 alligators
  A fenstrider witch skeleton (Crypt:1)
  10 death yaks
  3 ghost crabs
  6 tengu warriors
  16 naga warriors
  9 naga sharpshooters
  2 vampire magi (Crypt:1)
  9 boulder beetles
  2 orc high priests (Orc:1)
  2 titan zombies
  4 shock serpents
  Nergalle (Lair:3)
  A wretched star (Abyss:4)
  A sun demon (Abyss:4)
  A skyshark (Lair:2)
  A titan skeleton (Crypt:1)
  4 salamander mystics
  6 skeletal warriors
  A shadow wraith (Crypt:2)
  5 goliath frogs
  4 spriggan druids
  3 glowing orange brains
  2 bog bodies
  50 deep trolls
  A phantasmal warrior (Vaults:2)
  6 flayed ghosts (Crypt:1)
  6 naga ritualists
  A death drake (shapeshifter) (D:14)
  13 harpies
  A tengu zombie (Vaults:4)
  6 swamp dragons (Swamp:4)
  6 lindwurms
  A deep elf zephyrmancer (D:15)
  3 orc knights
  5 necromancers
  25 ironbound convokers
  4 wizards
  7 mana vipers
  2 deep elf pyromancers
  11 orc sorcerers
  2 manticores
  6 ugly things
  An iron dragon zombie (Vaults:1)
  2 stone giant zombies
  4 will-o-the-wisps
  13 salamanders
  5 cyclopes
  2 human skeletons
  A dire elephant zombie (Crypt:1)
  5 guardian serpents
  6 elephants (Lair:5)
  18 vault sentinels
  2 centaur zombies (Crypt:1)
  13 naga magi
  A torpor snail (Lair:5)
  18 cane toads
  35 black mambas
  An unseen horror (D:11)
  4 centaur skeletons
  Maggie (D:10)
  Psyche (D:8)
  A redback zombie (D:15)
  4 rime drakes
  An efreet (D:15)
  9 komodo dragons
  28 yaktaurs
  An orb spider zombie (Crypt:1)
  5 freezing wraiths
  2 kobold demonologists (D:9)
  A tengu conjurer (D:15)
  3 meliai (D:13)
  9 trolls
  A harpy zombie (Crypt:1)
  2 polar bears (Lair:3)
  8 tyrant leeches
  A hornet (shapeshifter) (D:13)
  9 hornets
  A harpy skeleton (Crypt:1)
  A tarantella (shapeshifter) (D:15)
  14 blink frogs
  17 dream sheep (Lair:5)
  A culicivora zombie (Crypt:2)
  A black mamba zombie (Crypt:1)
  2 fire dragon skeletons (Crypt:1)
  54 slime creatures
  5 spriggans
  A stone giant simulacrum (Vaults:4)
  An alligator skeleton (Crypt:1)
  4 flying skulls (Crypt:1)
  Sigmund (D:5)
  5 wraiths
  4 wyverns
  73 yaks
  A black mamba skeleton (Crypt:1)
  4 hogs
  Grum (D:10)
  6 basilisks
  4 fire elementals
  3 redbacks (Vaults:1)
  A steam dragon (D:6)
  9 vampire mosquitoes
  13 swamp worms
  Menkaure (D:4)
  3 wargs
  A deep troll zombie (Crypt:1)
  20 nagas
  3 hell hounds (D:15)
  19 water moccasins
  4 acid dragons
  A faun skeleton (Crypt:1)
  7 swamp drakes
  23 orc warriors
  3 ice beasts (D:6)
  2 black bears
  6 centaurs
  14 wolves
  A blink frog skeleton (Crypt:1)
  5 ogres
  4 kobold brigands
  14 bullfrogs
  2 gnoll sergeants
  A necrophage (Crypt:1)
  A glowing shapeshifter simulacrum (Vaults:1)
  4 wights (D:8)
  7 killer bees
  3 electric eels
  5 howler monkeys
  A lava snake (Lair:5)
  A quasit (Abyss:4)
  6 hounds
  18 orc priests
  Crazy Yiuf (D:2)
  A jelly (D:8)
  An iron imp (Abyss:4)
  Jessica (D:2)
  7 iguanas
  39 orc wizards
  Terence (D:3)
  8 mummies (Ossuary)
  12 gnolls
  2 river rats (Sewer)
  10 adders
  A shadow imp (D:7)
  A white imp (D:5)
  2 worms (D:3)
  4 dart slugs
  64 orcs
  5 ball pythons
  7 endoplasms
  5 giant cockroaches
  5 goblins
  A hobgoblin (D:1)
  13 jackals
  3 quokkas (D:2)
  7 bats
  7 frilled lizards
  3 hobgoblin zombies (Ossuary)
  A jackal skeleton (Crypt:1)
  11 kobolds
  4 kobold zombies (Ossuary)
  An orc zombie (Ossuary)
  A quokka skeleton (Crypt:1)
  12 rats
  7 spectral weapons
1388 creatures vanquished.

Vanquished Creatures (collateral kills)
  Jorgrun (Swamp:1)
  Louise (D:15)
  A bog body (Swamp:2)
  A slime creature (Vaults:1)
4 creatures vanquished.

Vanquished Creatures (others)
  A centaur warrior (D:14)
  2 swamp dragons
  A naga ritualist (Snake:1)
  A black mamba (Snake:1)
  A naga mage (Snake:1)
  A bloated husk (Swamp:3)
  A bush (Snake:4)
  4 foxfires
  13 fungi
  111 plants
  16 spectral weapons
152 creatures vanquished.

Grand Total: 1544 creatures vanquished

Notes
Turn   | Place    | Note
-------+----------+-------------------------------------------
     0 | D:1      | SnakkuSnakku7 the Ghoul Conjurer began the quest for the
                  | Orb.
     0 | D:1      | Reached XP level 1. HP: 14/14 MP: 2/2
   234 | D:1      | Reached skill level 1 in Fighting
   379 | D:1      | You fall into a shaft and drop 1 floor!
   387 | D:2      | Reached XP level 2. HP: 23/23 MP: 3/3
   393 | D:2      | Reached skill level 1 in Staves
   580 | D:2      | Found a stormy altar of Qazlal.
   651 | D:2      | Noticed Jessica
   654 | D:2      | Killed Jessica
   655 | D:2      | Reached XP level 3. HP: 29/29 MP: 4/4
   850 | D:2      | Reached XP level 4. HP: 37/37 MP: 5/5
   933 | D:2      | Identified the +4 sling of Valour {heavy, rCorr Str-3
                  | Int+3}
  1226 | D:2      | Found a runed translucent door.
  1227 | D:2      | Noticed Crazy Yiuf
  1303 | D:2      | Killed Crazy Yiuf
  1309 | D:2      | Identified the +0 hammer of False Hope {heavy, rC++ rCorr
                  | SInv}
  1418 | D:2      | Became a worshipper of Qazlal Stormbringer
  1437 | D:3      | Noticed Terence
  1441 | D:3      | Killed Terence
  1442 | D:3      | Reached XP level 5. HP: 45/45 MP: 6/6
  1496 | D:3      | Found a glowing drain.
  1526 | Sewer    | Entered a sewer
  1536 | Sewer    | Noticed a kobold brigand
  1546 | Sewer    | Killed a kobold brigand
  1646 | Sewer    | Reached XP level 6. HP: 50/52 MP: 7/7
  1680 | Sewer    | Reached * piety under Qazlal
  1923 | Sewer    | Reached skill level 5 in Fighting
  2586 | D:4      | Reached XP level 7. HP: 61/61 MP: 8/8
  2697 | D:4      | Reached ** piety under Qazlal
  2827 | D:4      | Noticed Menkaure
  2832 | D:4      | Killed Menkaure
  2833 | D:4      | Reached skill level 5 in Staves
  2856 | D:4      | Found a staircase to the Ecumenical Temple.
  2914 | D:4      | Reached XP level 8. HP: 90/90 MP: 9/9
  3303 | D:5      | Entered Level 5 of the Dungeon
  3303 | D:5      | Found a transporter.
  3303 | D:5      | Found a transporter.
  3620 | D:5      | Noticed Sigmund
  3626 | D:5      | Killed Sigmund
  3627 | D:5      | Reached XP level 9. HP: 96/96 MP: 10/10
  3830 | D:6      | Found a sand-covered staircase.
  3853 | Ossuary  | Entered an ossuary
  3902 | Ossuary  | Reached *** piety under Qazlal
  4102 | D:6      | Found a radiant altar of Vehumet.
  4407 | D:6      | Found Iczasa Witra's Distillery.
  4419 | D:6      | Bought a potion of heal wounds for 65 gold pieces
  4419 | D:6      | Bought a potion of haste for 130 gold pieces
  4419 | D:6      | Bought a potion of haste for 130 gold pieces
  4419 | D:6      | Bought a potion of degeneration for 13 gold pieces
  4795 | D:6      | Found an opulent altar of Gozag.
  5116 | D:7      | Found a hide-covered altar of Uskayaw.
  5196 | D:7      | Reached **** piety under Qazlal
  5343 | D:7      | Found a sacrificial altar of Ru.
  5760 | D:8      | Found Xyriv's Magic Scroll Shop.
  5771 | D:8      | Reached XP level 10. HP: 98/104 MP: 11/11
  5776 | D:8      | Bought a scroll of blinking for 90 gold pieces
  5776 | D:8      | Bought 2 scrolls of enchant armour for 180 gold pieces
  5825 | D:8      | Noticed Psyche
  5831 | D:8      | Killed Psyche
  6162 | D:8      | Noticed Gastronok
  6186 | D:8      | Killed Gastronok
  6325 | D:8      | Reached skill level 10 in Staves
  6381 | D:8      | Found a blossoming altar of Fedhas.
  6390 | D:8      | Found a broken altar of Ashenzari.
  7166 | D:9      | Noticed a kobold demonologist
  7169 | D:9      | Noticed a smoke demon
  7173 | D:9      | Killed a kobold demonologist
  7183 | D:9      | Noticed a two-headed ogre
  7190 | D:9      | Killed a two-headed ogre
  7217 | D:9      | Noticed a catoblepas
  7229 | D:9      | Noticed a two-headed ogre
  7246 | D:9      | Killed a catoblepas
  7247 | D:9      | Reached XP level 11. HP: 54/111 MP: 12/12
  7419 | D:9      | Killed a two-headed ogre
  7538 | D:9      | Noticed a deep elf pyromancer
  7545 | D:9      | Killed a deep elf pyromancer
  7623 | D:9      | Noticed a boulder beetle
  7671 | D:9      | Killed a boulder beetle
  7796 | D:9      | Noticed a five-headed hydra
  7808 | D:9      | Killed a five-headed hydra
  8025 | D:9      | Identified the ring "Epharreb" {rC+ MP+9 Str+2 Dex+6 SInv}
  8026 | D:9      | Got the Compendium of the Crystallized Flock
  8646 | D:10     | Entered Level 10 of the Dungeon
  8646 | D:10     | Noticed Maggie
  8654 | D:10     | Killed Maggie
  8663 | D:10     | Noticed Grum
  8679 | D:10     | Killed Grum
  8687 | D:10     | Reached ***** piety under Qazlal
  8824 | D:10     | Noticed a two-headed ogre
  8835 | D:10     | Killed a two-headed ogre
  8836 | D:10     | Reached XP level 12. HP: 93/118 MP: 13/13
  9299 | D:11     | Noticed a death yak
  9304 | D:11     | Noticed a death yak
  9305 | D:11     | Noticed a death yak
  9432 | D:10     | Killed a death yak
  9433 | D:10     | Reached skill level 2 in Invocations
  9436 | D:10     | Reached skill level 3 in Invocations
  9479 | D:10     | Reached skill level 4 in Invocations
  9487 | D:10     | Killed a death yak
  9490 | D:10     | Reached skill level 5 in Invocations
  9581 | D:10     | Killed a death yak
  9588 | D:10     | Reached skill level 6 in Invocations
  9827 | D:11     | Found a staircase to the Lair.
  9876 | D:11     | Reached skill level 7 in Invocations
 10225 | Lair:1   | Entered Level 1 of the Lair of Beasts
 10298 | Lair:1   | Reached skill level 8 in Invocations
 10429 | Lair:1   | Noticed a boulder beetle
 10457 | Lair:1   | Noticed a boulder beetle
 10485 | Lair:1   | Killed a boulder beetle
 10486 | Lair:1   | Reached skill level 9 in Invocations
 10488 | Lair:1   | Killed a boulder beetle
 10489 | Lair:1   | Reached XP level 13. HP: 60/125 MP: 18/18
 10657 | Lair:1   | Found the +3 pair of seven-league boots {Rampage+∞}
 10904 | Lair:1   | Reached skill level 10 in Invocations
 10906 | Lair:1   | Reached ****** piety under Qazlal
 11639 | Lair:2   | Reached skill level 11 in Invocations
 11668 | Lair:2   | Found a staircase to the Swamp.
 12287 | Lair:2   | Reached skill level 12 in Invocations
 12287 | Lair:2   | Reached skill level 1 in Armour
 12589 | Lair:3   | Found a staircase to the Snake Pit.
 12642 | Lair:3   | Noticed Nergalle
 12658 | Lair:3   | Reached skill level 5 in Armour
 12672 | Lair:3   | Killed Nergalle
 13352 | Lair:3   | Reached XP level 14. HP: 100/133 MP: 22/22
 13687 | Lair:4   | Found a viscous altar of Jiyva.
 13687 | Lair:4   | Found a staircase to the Slime Pits.
 14169 | Lair:5   | Entered Level 5 of the Lair of Beasts
 14338 | Lair:5   | Reached skill level 10 in Armour
 14653 | Lair:5   | Reached skill level 5 in Dodging
 15697 | D:12     | Found Olin Faf's Distillery.
 15704 | D:12     | Reached XP level 15. HP: 139/139 MP: 23/23
 15755 | D:12     | Bought a potion of might for 64 gold pieces
 15755 | D:12     | Bought a potion of heal wounds for 80 gold pieces
 15755 | D:12     | Bought a potion of heal wounds for 80 gold pieces
 15799 | D:12     | Found a staircase to the Orcish Mines.
 15838 | D:12     | Identified the +5 long sword "Ydit" {flame, Contam *Slow
                  | rPois rCorr}
 16101 | Orc:1    | Entered Level 1 of the Orcish Mines
 16114 | Orc:1    | Noticed Erica
 16329 | Orc:1    | Killed Erica
 16706 | Orc:2    | Entered Level 2 of the Orcish Mines
 16706 | Orc:2    | Found a staircase to the Elven Halls.
 16879 | Orc:2    | Paralysed by an orc sorcerer for 3 turns
 16904 | Orc:2    | Found Suariy's Antique Weapon Emporium.
 16926 | Orc:2    | Found a radiant altar of Vehumet.
 16928 | Orc:2    | Paralysed by an ogre mage for 3 turns
 16947 | Orc:2    | Found Reen's Magic Scroll Emporium.
 16968 | Orc:2    | Reached skill level 10 in Dodging
 16974 | Orc:2    | Found an ancient bone altar of Kikubaaqudgha.
 16990 | Orc:2    | Found Rijips's Book Emporium.
 17006 | Orc:2    | Found Ejaqedachu's Book Shoppe.
 17295 | Orc:2    | Bought a scroll of enchant armour for 112 gold pieces
 17295 | Orc:2    | Bought a scroll of teleportation for 45 gold pieces
 17641 | D:13     | Found a gate to the Vaults.
 17805 | D:13     | Reached skill level 13 in Invocations
 18381 | D:14     | Noticed Kirke
 18483 | D:13     | Reached skill level 14 in Invocations
 18487 | D:13     | Killed Kirke
 19293 | D:14     | Reached XP level 16. HP: 95/147 MP: 26/26
 19414 | D:14     | Found a sparkling altar of Nemelex Xobeh.
 19755 | D:15     | Entered Level 15 of the Dungeon
 19777 | D:15     | Noticed Azrael
 19787 | D:15     | Reached skill level 15 in Invocations
 19796 | D:15     | Killed Azrael
 19912 | D:15     | Found a staircase to the Depths.
 20032 | D:15     | Noticed Louise
 20067 | D:15     | Killed Louise
 20094 | D:15     | Reached skill level 16 in Invocations
 20364 | D:15     | Paralysed by an orc sorcerer for 3 turns
 20375 | D:15     | Reached skill level 1 in Polearms
 20420 | D:15     | Noticed Josephine
 20433 | D:15     | Killed Josephine
 20459 | D:15     | HP: 4/147 [catoblepas/blast of calcifying dust (4)]
 21428 | Swamp:1  | Entered Level 1 of the Swamp
 21649 | Swamp:1  | Reached skill level 5 in Polearms
 21693 | Swamp:1  | Noticed Jorgrun
 21921 | Swamp:1  | Killed Jorgrun
 22437 | Swamp:2  | Noticed Donald
 22445 | Swamp:2  | Killed Donald
 22973 | Swamp:3  | Noticed a tentacled monstrosity
 22984 | Swamp:3  | Reached XP level 17. HP: 128/154 MP: 28/28
 22989 | Swamp:3  | Killed a tentacled monstrosity
 23150 | Swamp:3  | Noticed Roxanne
 23189 | Swamp:3  | Identified the +0 pair of gloves of Xom's Respect {rElec
                  | Int+4}
 23430 | Swamp:3  | Reached skill level 10 in Polearms
 23768 | Swamp:4  | Entered Level 4 of the Swamp
 23986 | Swamp:4  | Reached skill level 1 in Shields
 24408 | Swamp:4  | Identified 3 scrolls of acquirement
 24489 | Swamp:4  | Got a decaying rune of Zot
 24693 | Lair:2   | Acquired the ring of the Invisible Allies {rElec rF+ Will+}
 24697 | Lair:2   | Acquired 963 gold pieces
 24700 | Lair:2   | Acquired 1039 gold pieces
 24836 | D:8      | Bought a scroll of enchant armour for 90 gold pieces
 24836 | D:8      | Bought a scroll of magic mapping for 90 gold pieces
 24836 | D:8      | Bought a scroll of teleportation for 36 gold pieces
 24836 | D:8      | Bought a scroll of fear for 48 gold pieces
 24836 | D:8      | Bought a scroll of immolation for 48 gold pieces
 24836 | D:8      | Bought a scroll of immolation for 48 gold pieces
 24986 | Snake:1  | Entered Level 1 of the Snake Pit
 25008 | Snake:1  | Noticed Asterion
 25025 | Snake:1  | Reached skill level 5 in Shields
 25071 | Snake:1  | Killed Asterion
 26457 | Snake:2  | Reached XP level 18. HP: 102/161 MP: 29/29
 26464 | Snake:2  | Found Ruapn's Distillery.
 26466 | Snake:2  | Found Woiczyez's Distillery.
 26468 | Snake:2  | Found Awul's General Store.
 26512 | Snake:2  | Bought a scroll of teleportation for 39 gold pieces
 26514 | Snake:2  | Bought a potion of haste for 150 gold pieces
 26514 | Snake:2  | Bought a potion of heal wounds for 75 gold pieces
 26516 | Snake:2  | Bought 2 potions of haste for 300 gold pieces
 26516 | Snake:2  | Bought a potion of haste for 150 gold pieces
 26516 | Snake:2  | Bought a potion of haste for 150 gold pieces
 26518 | Snake:2  | Bought a potion of curing for 45 gold pieces
 26518 | Snake:2  | Bought a potion of curing for 45 gold pieces
 27217 | Snake:3  | Noticed Nikola
 27230 | Snake:3  | Killed Nikola
 27231 | Snake:3  | Reached skill level 10 in Shields
 27662 | Snake:4  | Entered Level 4 of the Snake Pit
 27904 | Snake:4  | Reached skill level 17 in Invocations
 28123 | Snake:4  | Got a serpentine rune of Zot
 28210 | Snake:4  | Reached skill level 18 in Invocations
 28875 | Snake:4  | Found a shimmering altar of Xom.
 28924 | Snake:4  | Reached skill level 19 in Invocations
 29055 | Snake:4  | Found Pufevoet's Jewellery Boutique.
 29055 | Snake:4  | Found Kiaxu's Book Shoppe.
 29056 | Snake:4  | Found Iciudel's Jewellery Boutique.
 29473 | Vaults:1 | Entered Level 1 of the Vaults
 29484 | Vaults:1 | Reached XP level 19. HP: 168/168 MP: 22/31
 29573 | Vaults:1 | Found a magical portal.
 29678 | WizLab   | Entered Wucad Mu's Monastery
 29839 | WizLab   | Found the crystal ball of Wucad Mu {*channel}
 29912 | WizLab   | Reached XP level 20. HP: 87/181 MP: 8/32
 30066 | Abyss:4  | Cast into level 4 of the Abyss (vault warden)
 30086 | Abyss:4  | Reached skill level 20 in Invocations
 30145 | Vaults:1 | Escaped the Abyss
 30596 | Vaults:1 | Noticed Saint Roka
 30998 | D:13     | Killed Saint Roka
 31086 | Vaults:1 | Found Idghaus's Book Emporium.
 31333 | Vaults:1 | Reached skill level 21 in Invocations
 31615 | Vaults:1 | Identified the +3 robe "Zaoq Fut" {+Inv rF- Int+8 Dex-5}
 32524 | Vaults:2 | Reached XP level 21. HP: 132/202 MP: 34/34
 32985 | Vaults:2 | Found a staircase to the Crypt.
 33009 | Vaults:2 | Found Fibak's Book Shop.
 33017 | Vaults:2 | Bought a manual of Evocations for 1360 gold pieces
 33123 | Vaults:2 | Reached skill level 1 in Evocations
 33524 | Vaults:3 | Reached skill level 5 in Evocations
 34085 | Vaults:3 | Found Aneasm's Assorted Antiques.
 34155 | Vaults:3 | Reached skill level 10 in Evocations
 34289 | Vaults:3 | Identified the +12 morningstar "Xiybremp" {freeze, Dex+4}
 34372 | Vaults:3 | Found Leolidopp's Jewellery Shop.
 34380 | Vaults:3 | Bought the ring of the Shrike {Fly Will+++ rCorr Int+2
                  | Stlth-} for 852 gold pieces
 34540 | Vaults:3 | Found Annoo's Weapon Boutique.
 35255 | Vaults:4 | Reached XP level 22. HP: 170/211 MP: 35/35
 35296 | Vaults:4 | Reached skill level 22 in Invocations
 35988 | Vaults:4 | Acquired 712 gold pieces
 36074 | Vaults:4 | Noticed Sojobo
 36082 | Vaults:4 | Paralysed by an air elemental for 1 turns
 36089 | Vaults:4 | Paralysed by an air elemental for 1 turns
 36095 | Vaults:4 | Killed Sojobo
 36096 | Vaults:4 | Reached skill level 23 in Invocations
 36786 | Vaults:5 | Entered Level 5 of the Vaults
 36909 | Crypt:1  | Entered Level 1 of the Crypt
 37179 | Crypt:1  | Reached skill level 24 in Invocations
 37203 | Crypt:1  | Paralysed by something for 2 turns
 38164 | Crypt:1  | Killed from afar by a revenant

Illustrated notes

Levels and vault maps discovered:
D:1:      minmay_arrival_open_corners, layout_rooms
D:2:      layout_loops_ring, basic_altar, hangedman_feature_mirror,
          hangedman_abyss_or_decor_lesser_grid, item_on_display_a,
          uniq_crazy_yiuf_cottage, uniq_jessica
D:3:      minmay_chambers_of_twos, layout_basic, cheibrodos_sewer_entry_sluice,
          uniq_terence
D:4:      layout_cave_pods, minmay_temple_entry_grid, serial_park_tiny_1,
          uniq_menkaure
D:5:      gammafunk_wand_slinger, layout_rooms, uniq_sigmund
D:6:      layout_basic, nicolae_vehumet_altar_sigil, marbit_many_paths,
          serial_shops, nicolae_shop_tiny_glass,
          nicolae_ossuary_entry_false_entrances, wad_floor_pattern_2
D:7:      layout_loops_corners, hangedman_ru_absence,
          nicolae_uskayaw_murder_on_the_dancefloor
D:8:      layout_layer_cave, mainiacjoe_overflow_swirl, serial_shops, shop,
          grunt_ministairs_9, uniq_psyche, uniq_gastronok
D:9:      minmay_the_grid_triangle_9x9_recursive_2
          [minmay_the_grid_triangle_9x9_prize_top_heavy,
          minmay_the_grid_triangle_9x9_cache,
          minmay_the_grid_triangle_9x9_sparse_checkered,
          minmay_the_grid_triangle_9x9_dagger], layout_loops_corners,
          amcnicky_altar_gilded, nicolae_tso_swordbearing_angel
D:10:     layout_cave_pools, serial_gnoll_camp, gnoll_camp_mini_hut,
          gnoll_camp_mini_basic, gnoll_camp_mini_doghouse, gnoll_camp_mini_hut,
          uniq_grum, uniq_maggie
D:11:     layout_rooms, dpeg_lair_monsters
D:12:     layout_cross, orc_0_dummy, serial_shops, shop,
          kennysheep_pointless_box
D:13:     layout_loops_corners, david_vaults_4, grunt_ministairs_7
D:14:     layout_cave_pools, nemelex_diamond_rough_becter, uniq_kirke
D:15:     grunt_enter_depths_magical_seal, layout_long_grid, uniq_louise,
          uniq_josephine, uniq_azrael
Lair:1:   layout_small_grid, hellmonk_guarded_unrand_seven_league_boots
Lair:2:   layout_layer_cave, minmay_swamp_entry_reptiles,
          grunt_forest_stairs_basic, chequers_serial_rivers_micro_e,
          lemuel_fruit_tree, grunt_megastairs_1
Lair:3:   layout_hall_layers, minmay_snake_entry_six_corridors,
          nicolae_lair_grazing_beasts [nicolae_sub_lair_graze_edge,
          nicolae_sub_lair_graze_edge, nicolae_sub_lair_graze_edge,
          nicolae_sub_lair_graze_edge], lemuel_fruit_fields, uniq_nergalle
Lair:4:   layout_misc_corridors, dpeg_slime_entry_enclosed,
          nicolae_lair_grove_arrangements
Lair:5:   minmay_lair_end_frog_pond, layout_gridlike,
          chequers_serial_rivers_micro_d, st_stairs_10, serial_bayou_pond_d,
          nicolae_quartered_pool_medium, infiniplex_staircase_pool
Swamp:1:  layout_basic_swamp, evilmike_swamp_ruin_rubble_1, uniq_jorgrun
Swamp:2:  layout_basic_swamp, evilmike_swamp_ruin_house_6, uniq_donald
Swamp:3:  layout_basic_swamp, evilmike_swamp_ruin_house_4, swamp_pool4,
          uniq_roxanne
Swamp:4:  swamp, layout_basic_swamp
Snake:1:  layout_chambers, grunt_megastairs_3, uniq_asterion
Snake:2:  layout_grid_maze, minmay_shop_star, grunt_megastairs_2
Snake:3:  layout_cave_town, basic_altar, st_stairs_3, uniq_nikola
Snake:4:  grunt_snake_rune_spirals, layout_onion, basic_altar, minmay_shop_grove
Orc:1:    layout_caves, uniq_erica
Orc:2:    kennysheep_orc_mage_school, layout_caves
Vaults:1: infiniplex_enter_wizlab_glasses, v_misc_4,
          nicolae_vaults_good_morning_starshine, grunt_vaults_bifocal,
          nicolae_vaults_diagonal_hallway_8, hangedman_vaults_capsules,
          nicolae_vaults_house_2, nicolae_vaults_shelves_hall,
          vaults_mumra_minichess, v_misc_18,
          nicolae_vaults_variable_pillar_hall, vaults_mumra_hex,
          layout_vaults_omnibox, serial_shops, nicolae_shop_real_fake_doors,
          uniq_saint_roka
Vaults:2: nicolae_vaults_diamond_1, vaults_room_stairs_pillars,
          nicolae_vaults_shock_wave, nicolae_vaults_storage_closets_1,
          nicolae_vaults_sightless_eye, minmay_crypt_entry_simple_corners,
          nicolae_vaults_network_periphery,
          nicolae_vaults_doubleplus_tesselated, v_misc_11, v_misc_14,
          nicolae_vaults_stairing_the_circle, layout_vaults_maze_bifur,
          serial_shops, shop
Vaults:3: nicolae_vaults_big_ls, hangedman_vaults_cutoff,
          grunt_vaults_trifunnel, hangedman_vaults_variations,
          nicolae_vaults_network_s, nicolae_vaults_little_squares_6,
          vaults_room_hangedman_quadrants, hangedman_vaults_cutoff,
          layout_vaults_quadrants, serial_shops, shop, shop_fountains,
          nicolae_diamond_shop
Vaults:4: nicolae_vaults_closet_pinwheel_2, hangedman_vaults_snaps,
          nicolae_vaults_theta, vaults_standard_mumra_enter_the_diamond,
          nicolae_vaults_network_quinsquares
          [nicolae_vaults_network_quincunx_subvault,
          nicolae_vaults_network_quincunx_subvault,
          nicolae_vaults_network_quincunx_subvault,
          nicolae_vaults_network_quincunx_subvault], ontoclasm_vaults_chip,
          nicolae_vaults_wine_cellar, ontoclasm_vaults_pinch,
          nicolae_vaults_tangram_1, nicolae_vaults_little_squares_2,
          layout_vaults_big_room, uniq_sojobo, uniq_margery
Vaults:5: serial_shops, uniq_mara, uniq_bai_suzhen
Crypt:1:  hangedman_screamer, layout_basic
Crypt:2:  layout_chaotic_city, grunt_megastairs_5, uniq_grunn

Skill      XL: |  1  2  3  4  5  6  7  8  9 10 11 12 13 14 15 16 17 18 19 20 21 22 |
---------------+-------------------------------------------------------------------+-----
Fighting       | 1 2 3 4 5 14 16 20 | 20.6
Staves         | 1 2 3 4 5 6 8 11 13 14 | 14.2
Invocations    | 9 12 14 16 19 21 24 | 24.8
Armour         | 6 10 | 10.0
Dodging        | 7 10 | 10.0
Polearms       | 9 10 | 10.8
Shields        | 8 10 | 10.0
Evocations     | 13 | 13.4
Stealth        | |  2.1
Spellcasting   | |  1.7
Conjurations   | |  3.2

Action                     |  1- 3 |  4- 6 |  7- 9 | 10-12 | 13-15 | 16-18 | 19-21 | 22-24 || total
---------------------------+-------+-------+-------+-------+-------+-------+-------+-------++-------
  Melee: Quarterstaff      |    45 |   159 |   269 |   423 |  1148 |    45 |       |       ||  2089
         Demon trident     |       |       |       |       |       |  1375 |  1434 |   819 ||  3628
         Lajatang          |       |       |       |       |       |   100 |       |       ||   100
         Punch             |       |       |       |       |       |     1 |       |       ||     1
  Throw: Dart              |       |       |       |    19 |       |       |       |     4 ||    23
 Invoke: Disaster Area     |       |       |       |       |     2 |     1 |     3 |     4 ||    10
         Elemental Force   |       |       |       |       |       |     3 |     2 |     1 ||     6
         Upheaval          |       |       |       |       |       |     2 |     1 |     3 ||     6
  Evoke: Wand              |       |       |     2 |       |       |       |     2 |       ||     4
         Condenser vane    |       |       |       |       |       |       |     2 |     1 ||     3
    Use: Scroll            |       |       |    16 |    13 |     2 |    17 |     4 |     4 ||    56
         Potion            |       |       |     1 |       |       |     1 |    12 |     2 ||    16
   Stab: Sleeping          |     2 |     2 |       |       |       |       |       |       ||     4
         Distracted        |     1 |       |     1 |     4 |    27 |     4 |       |       ||    37
         Paralysed         |       |       |       |       |       |     1 |     3 |       ||     4
         Confused          |       |       |       |       |       |     4 |       |       ||     4
 Armour: Robe              |     5 |       |       |       |       |       |       |       ||     5
         Ring mail         |     5 |    78 |       |       |       |       |       |       ||    83
         Scale mail        |       |     7 |   129 |   162 |   450 |   102 |       |       ||   850
         Plate armour      |       |       |       |       |       |   727 |   614 |   300 ||  1641
  Dodge: Dodged            |    24 |    84 |   102 |   133 |   429 |   342 |   226 |   118 ||  1458
         Repelled          |       |       |       |     1 |     3 |    37 |     1 |     1 ||    43
  Block: Other             |       |     7 |    23 |    74 |   330 |    71 |       |       ||   505
         Buckler           |       |       |       |       |       |   344 |       |       ||   344
         Kite shield       |       |       |       |       |       |   371 |   904 |   551 ||  1826
